 Dungeon Crawl Stone Soup version 0.28-a0-957-g42eb19b844 (webtiles) character file.

Game seed: 17526735548273624144

42 bande the Shield-Bearer (level 3, -1/23 HPs)
             Began as a Gargoyle Fighter on Dec 1, 2021.
             Slain by a gnoll (4 damage)
             ... on level 2 of the Dungeon.
             The game lasted 00:02:58 (1510 turns).

bande the Shield-Bearer (Gargoyle Fighter)          Turns: 1510, Time: 00:02:58

Health: -1/23      AC: 10    Str: 21    XL:     3   Next: 54%
Magic:  3/3        EV:  9    Int:  8    God:
Gold:   103        SH:  5    Dex:  9    Spells: 2/2 levels left

rFire   . . .      SeeInvis .   a - +0 war axe
rCold   . . .      Faith    .   c - +1 buckler
rNeg    + . .      Spirit   .   b - +0 scale mail
rPois   ∞          Reflect  .   (no helmet)
rElec   +          Harm     .   (no cloak)
rCorr   .          Rampage  .   (no gloves)
Will    .....                   (no boots)
Stlth   ..........              (no amulet)
HPRegen 0.07/turn               (no ring)
MPRegen 0.08/turn               (no ring)

@: no status effects
A: sickness immunity, AC +3, negative energy resistance 1, electricity
resistance, torment resistance 1, petrification resistance
a: no special abilities


You were on level 2 of the Dungeon.
You visited 1 branch of the dungeon, and saw 2 of its levels.

You collected 103 gold pieces.

Inventory:

Hand Weapons
 a - a +0 war axe (weapon)
Armour
 b - a +0 scale mail (worn)
 c - a +1 buckler (worn)
Scrolls
 e - a scroll of teleportation {unknown}
 f - a scroll of amnesia
Potions
 d - a potion of might
 g - a potion of heal wounds


   Skills:
 + Level 3.6 Fighting
 + Level 2.3 Axes
 + Level 3.6 Armour
 + Level 3.9 Shields


You had 2 spell levels left.
You didn't know any spells.
Your spell library was empty.

Dungeon Overview and Level Annotations

Branches:
Dungeon (2/15)

Altars:
Yredelemnul


Innate Abilities, Weirdness & Mutations

You are immune to sickness and miasma.
Your stone body is resilient. (AC +3)
You are immune to poison.
You resist negative energy. (rN+)
You are resistant to electric shocks. (rElec)
You are resistant to unholy torment.
You are immune to petrification.


Message History

You block the gnoll's attack. The frilled lizard closely misses you.
Unknown command.
You closely miss the frilled lizard. You hit the gnoll.
The gnoll barely misses you.
A goblin comes into view. It is wielding a +0 dagger.
You block the gnoll's attack.
The frilled lizard completely misses you.
The gnoll hits you but does no damage. You block the gnoll's attack.
The goblin shouts!
You hit the frilled lizard.
The frilled lizard is heavily wounded.
You barely miss the gnoll. You block the gnoll's attack.
The frilled lizard barely misses you. The gnoll hits you with a +0 club.
The gnoll closely misses you. The gnoll barely misses you.
Unknown command.
You hit the frilled lizard but do no damage.
The frilled lizard is heavily wounded.
You completely miss the gnoll. The frilled lizard bites you.
The gnoll hits you but does no damage. The gnoll misses you.
The gnoll hits you but does no damage. You block the frilled lizard's attack.
The gnoll hits you with a +0 club.
Unknown command.
You slash the frilled lizard!
You kill the frilled lizard!
You closely miss the gnoll. The gnoll misses you.
The gnoll hits you from afar with a +0 spear.
You block the gnoll's attack.
The gnoll hits you from afar with a +0 halberd.
* * * LOW HITPOINT WARNING * * *
You block the gnoll's attack.
A kobold comes into view. It is wielding a +0 dagger.
The kobold shouts!
The gnoll hits you with a +0 halberd.
* * * LOW HITPOINT WARNING * * *
The gnoll closely misses you.
You slash the gnoll!
The gnoll is almost dead.
You slash the gnoll! You barely miss the goblin. You closely miss the gnoll.
The gnoll hits you with a +0 club.
You die...

####.#..###.
...........## ####...
####.####.......#....
#.......#.# #....K..
#.##.##.#.###.#.#..### #
#.)....##.[....... #
###........#.#..#
#.####..#.##..#g#g.###..
#.......#...#..g@g......
######.##..###.####.####
#.##.#.#.## #.##.##.##
#.......# ####.#### #.#
#.. ##.


You could see 3 gnolls, a goblin and a kobold.

Vanquished Creatures
  A dart slug (D:1)
  2 ball pythons (D:1)
  3 bats
  4 endoplasms (D:1)
  A hobgoblin (D:2)
  7 jackals (D:1)
  5 kobolds (D:1)
  2 quokkas (D:1)
  4 frilled lizards
  2 goblins
  4 rats
35 creatures vanquished.

Notes
Turn   | Place    | Note
-------+----------+-------------------------------------------
     0 | D:1      | bande the Gargoyle Fighter began the quest for the Orb.
     0 | D:1      | Reached XP level 1. HP: 14/14 MP: 1/1
   192 | D:1      | Found a faded altar of an unknown god.
   227 | D:1      | Reached XP level 2. HP: 19/19 MP: 2/2
   558 | D:1      | Reached XP level 3. HP: 23/23 MP: 3/3
  1363 | D:2      | Found a basalt altar of Yredelemnul.
  1510 | D:2      | Slain by a gnoll

Illustrated notes

Levels and vault maps discovered:
D:1:      shiori_arrival_maze, layout_loops_ring,
          dreamdust_ecumenical_altar_hidden_monk_grotto
D:2:      layout_loops_cross, basic_altar, uniq_robin

Skill      XL: |  1  2 |
---------------+-------+-----
Axes           | 2 |  2.3
Fighting       | |  3.6
Armour         | |  3.6
Shields        | |  3.9

Action                   || total
-------------------------++-------
Melee: War axe           ||   113
  Use: Scroll            ||     3
Armor: Scale mail        ||    77
Dodge: Dodged            ||    67
Block: Buckler           ||    41

Table legend: (Time is in decaauts)
 A = Elapsed time spent in this place.
 B = Non-inter-level travel time spent in this place.
 C = Inter-level travel time spent in this place.
 D = Time resting spent in this place.
 E = Time spent auto-exploring this place.
 F = Levels seen in this place.
 G = Mean time per level.
                   A        B        C        D        E       F      G
               +--------+--------+--------+--------+--------+-----+--------+
         Total |   1554 |   1521 |     33 |    355 |    908 |   2 |  777.0 |
       Dungeon |   1554 |   1521 |     33 |    355 |    908 |   2 |  777.0 |
               +--------+--------+--------+--------+--------+-----+--------+

Top non-repeatable levels by time:
     D:1: 1341 daAuts
     D:2: 213 daAuts
